 Dungeon Crawl Stone Soup version 0.27-a0-535-g7eaf864cf9 (webtiles) character file.

Game seed: 16864691287557415508

5194 Morbidden the Quickloader (level 10, -4/92 (94) HPs)
             Began as a Deep Dwarf Fighter on Mar 6, 2021.
             Was a Priest of Makhleb.
             Slain by a white ugly thing (8 damage)
             ... on level 10 of the Dungeon.
             The game lasted 00:17:42 (9294 turns).

Morbidden the Quickloader (Deep Dwarf Fighter)      Turns: 9294, Time: 00:17:43

HP:   -4/92 (94)    AC: 14    Str: 22    XL:     10   Next: 34%
MP:   14/14         EV:  5    Int: 10    God:    Makhleb [***...]
Gold: 586           SH: 11    Dex: 12    Spells: 9/9 levels left

rFire    . . .     SeeInvis +   a - +0 war axe
rCold    . . .     Faith    +   c - +1 kite shield
rNeg     . . .     Spirit   .   h - +0 plate armour
rPois    .         Reflect  .   (no helmet)
rElec    .         Harm     .   (no cloak)
rCorr    .         Rampage  .   w - +0 pair of gloves
Will     +....                  (no boots)
Stlth    ..........             y - amulet of faith
HPRegen  0.00/turn              p - ring of see invisible
MPRegen  0.14/turn              m - +4 ring of slaying

@: non-regenerating, lightly drained
A: damage resistance, heal wounds, sense surroundings 2, no regeneration
a: Heal Wounds, Renounce Religion, Minor Destruction, Lesser Servant of Makhleb


You were on level 10 of the Dungeon.
You worshipped Makhleb.
Makhleb was most pleased with you.
You visited 2 branches of the dungeon, and saw 11 of its levels.

You collected 586 gold pieces.

Inventory:

Hand Weapons
 a - a +0 war axe (weapon)
 b - a +0 hand crossbow
Missiles
 i - 63 bolts
 q - 7 boomerangs
 u - a throwing net
 M - 6 curare-tipped darts
Armour
 c - a +1 kite shield (worn)
 h - a +0 plate armour (worn)
 w - a +0 pair of gloves (worn)
Jewellery
 e - a ring of protection from fire
 m - a +4 ring of slaying (right hand)
 p - a ring of see invisible (left hand)
 y - an amulet of faith (around neck)
 G - an amulet of guardian spirit
Wands
 n - a wand of digging (8)
 v - a wand of mindburst (4)
 D - a wand of random effects (32)
 E - a wand of iceblast (12)
 I - a wand of flame (20)
Scrolls
 f - 9 scrolls of identify
 g - 3 scrolls of blinking
 j - 2 scrolls of immolation
 l - 6 scrolls of teleportation
 s - 4 scrolls of enchant weapon {unknown}
 t - 4 scrolls of fog {unknown}
 x - 2 scrolls of noise {unknown}
 B - 2 scrolls of enchant armour
 K - a scroll of amnesia
 L - a scroll of magic mapping
Potions
 d - a potion of might
 k - 2 potions of haste
 o - a potion of degeneration {unknown}
 r - a potion of attraction
 z - 2 potions of invisibility {unknown}
 A - a potion of experience {unknown}
 C - a potion of brilliance {unknown}
 F - a potion of flight {unknown}
 H - a potion of resistance {unknown}
 J - a potion of curing


   Skills:
 * Level 7.5 Fighting
 * Level 7.1 Axes
 + Level 9.1 Crossbows
 + Level 6.2 Armour
 * Level 2.3 Dodging
 + Level 0.1 Stealth
 + Level 5.8 Shields
 * Level 5.5 Invocations
 + Level 0.1 Evocations


You had 9 spell levels left.
You didn't know any spells.
Your spell library contained the following spells:

 Spells                   Type           Power      Damage    Failure   Level
 Foxfire                  Conj/Fire      0%         2x1d4     100%        1
 Confusing Touch          Hex            0%         N/A       100%        3
 Conjure Flame            Conj/Fire      0%         6-21      100%        3
 Gell's Gravitas          Tloc           0%         N/A       100%        3
 Inner Flame              Hex/Fire       0%         N/A       100%        3
 Petrify                  Tmut/Erth      0%         N/A       100%        4
 Sticky Flame             Conj/Fire      0%         2d3       100%        4
 Fireball                 Conj/Fire      0%         3d3       100%        5
 Metabolic Englaciation   Hex/Ice        0%         N/A       100%        5
 Yara's Violent Unravell  Hex/Tmut       0%         3d3       100%        5


Dungeon Overview and Level Annotations

Branches:
Dungeon (10/15)            Temple (1/1) D:4
   Lair: D:8-11         Orc: D:9-12

Altars:
Ashenzari
Cheibriados
Dithmenos
Elyvilon
Fedhas
Gozag
Hepliaklqana
Kikubaaqudgha
Makhleb
Nemelex Xobeh
Okawaru
Qazlal
Ru
Sif Muna
Trog
Uskayaw
Vehumet
Wu Jian
Xom
Yredelemnul
Zin
The Shining One

Shops:
D:9 =

Annotations:
D:4 1 runed translucent door, highc0's ghost, novice HaWr


Innate Abilities, Weirdness & Mutations

You are resistant to damage.
You can heal yourself by infusing magical energy.
You passively map the area around you.
You do not regenerate.


Message History

The white ugly thing is heavily wounded.
The white ugly thing punches you but does no damage.
The white ugly thing punches you. The white ugly thing freezes you!
Unknown command.
Unknown command.
You hit the white ugly thing.
The white ugly thing is heavily wounded.
The sky beast flickers out of sight for a moment.
The white ugly thing punches you. The white ugly thing freezes you!
* * * LOW HITPOINT WARNING * * *
You slash the white ugly thing!
The white ugly thing is heavily wounded.
You block the white ugly thing's attack.
Unknown command.
Unknown command.
Unknown command.
You barely miss the white ugly thing.
The white ugly thing is heavily wounded.
The white ugly thing punches you but does no damage.
The sky beast flickers out of sight for a moment.
The white ugly thing punches you. The white ugly thing freezes you!
* * * LOW HITPOINT WARNING * * *
Unknown command.
You slash the white ugly thing!
The white ugly thing is severely wounded.
You block the white ugly thing's attack.
An orc warrior comes into view. It is wielding a +0 mace.
Unknown command.
The orc warrior shouts!
You hit the white ugly thing but do no damage.
The white ugly thing is severely wounded.
You hear a shout!
You block the white ugly thing's attack.
Unknown command.
You hit the white ugly thing.
The white ugly thing is severely wounded.
The white ugly thing punches you!
* * * LOW HITPOINT WARNING * * *
The white ugly thing freezes you!
You die...

** * ,* *, ** *
* #.# ,, * #.#
*, , #.# #.# ,,
, #.# , #.# *
#.# * , #@#
##u## ###WY.#
*#..<#....#
*......#.(.#..#
#.###..#.###.#
#..,.. *<.# ,
#..*.#. ##
...,....,


You could see a white ugly thing, a wraith and a sky beast (invisible).

Vanquished Creatures
  Pikel (D:7)
  Grinder (D:3)
  Duvessa (D:6)
  4 orc warriors
  2 sky beasts (D:6)
  A hornet zombie (D:7)
  An ice beast (D:7)
  A necrophage (D:8)
  9 ogres
  A centaur (D:7)
  6 phantoms
  A lemure (D:7)
  Blork the orc (D:4)
  A kobold brigand (D:7)
  2 bullfrogs (D:6)
  Dowan (D:6)
  2 scorpions
  An electric eel (D:8)
  9 wights
  A howler monkey (D:6)
  A bullfrog zombie (D:7)
  A quasit (D:9)
  3 hounds
  2 centaur zombies
  4 jellies
  9 orc priests
  2 bullfrog skeletons
  A centaur skeleton (D:6)
  6 orc wizards
  Terence (D:2)
  3 iguanas
  Natasha (thrice) (D:3)
  5 worker ants
  2 hound skeletons
  10 gnolls
  9 adders
  2 shadow imps
  A white imp (D:7)
  An ufetubus (D:5)
  2 oozes
  An adder skeleton (D:7)
  A worm (D:4)
  4 dart slugs
  3 leopard geckos
  36 orcs
  4 ball pythons
  3 giant cockroaches
  4 goblins
  3 hobgoblins
  4 jackals (D:1)
  4 quokkas
  A ball python skeleton (D:4)
  10 bats
  7 frilled lizards
  A giant cockroach zombie (D:6)
  16 kobolds
  A leopard gecko zombie (D:7)
  A quokka zombie (D:7)
  5 rats
224 creatures vanquished.

Notes
Turn   | Place    | Note
-------+----------+-------------------------------------------
     0 | D:1      | Morbidden the Deep Dwarf Fighter began the quest for the
                  | Orb.
     0 | D:1      | Reached XP level 1. HP: 20/20 MP: 1/1
   195 | D:1      | Reached XP level 2. HP: 25/28 MP: 2/2
   495 | D:1      | Reached XP level 3. HP: 29/34 MP: 3/3
  1141 | D:2      | Noticed Terence
  1147 | D:2      | Killed Terence
  1148 | D:2      | Reached XP level 4. HP: 33/42 MP: 4/4
  1573 | D:3      | Reached XP level 5. HP: 24/50 MP: 5/5
  1651 | D:3      | Noticed Natasha
  1660 | D:3      | Killed Natasha
  1713 | D:3      | Noticed Grinder
  1865 | D:3      | Noticed Natasha
  1871 | D:3      | Paralysed by Grinder for 5 turns
  1876 | D:3      | Killed Natasha
  1877 | D:3      | Reached skill level 1 in Crossbows
  1877 | D:3      | Reached XP level 6. HP: 23/57 MP: 6/6
  1879 | D:3      | Killed Grinder
  1880 | D:3      | Reached skill level 3 in Crossbows
  2018 | D:3      | Noticed Natasha
  2021 | D:3      | Killed Natasha
  2317 | D:4      | Reached skill level 1 in Dodging
  2317 | D:4      | Reached XP level 7. HP: 26/66 MP: 7/7
  2328 | D:4      | Found a runed translucent door.
  2329 | D:4      | Noticed highc0's ghost (novice HaWr)
  2388 | D:4      | Found a staircase to the Ecumenical Temple.
  2449 | Temple   | Entered the Ecumenical Temple
  2456 | Temple   | Reached skill level 4 in Crossbows
  2793 | Temple   | Became a worshipper of Makhleb the Destroyer
  2889 | D:4      | Noticed Blork the orc
  2898 | D:4      | Killed Blork the orc
  3228 | D:4      | Reached skill level 5 in Crossbows
  3258 | D:4      | Found a stormy altar of Qazlal.
  3258 | D:4      | Found a glowing golden altar of the Shining One.
  3258 | D:4      | Found a hazy altar of Hepliaklqana.
  3295 | D:4      | HP: 1/66 [orc wizard/magic dart (5)]
  3324 | D:4      | Reached skill level 1 in Invocations
  4010 | D:5      | Entered Level 5 of the Dungeon
  4018 | D:5      | Reached skill level 5 in Armour
  4018 | D:5      | Reached XP level 8. HP: 24/73 MP: 7/9
  4152 | D:5      | Reached skill level 5 in Fighting
  4294 | D:5      | Reached * piety under Makhleb
  4295 | D:5      | Reached skill level 6 in Crossbows
  4782 | D:6      | Reached skill level 5 in Axes
  4993 | D:6      | Reached skill level 5 in Shields
  5301 | D:6      | Gained mutation: You passively map the area around you.
                  | [Deep Dwarf growth]
  5301 | D:6      | Reached XP level 9. HP: 35/82 MP: 11/11
  5351 | D:6      | Noticed Dowan
  5356 | D:6      | Reached skill level 7 in Crossbows
  5360 | D:6      | Killed Dowan
  5808 | D:6      | Noticed Duvessa
  5859 | D:6      | Killed Duvessa
  6421 | D:7      | Noticed Pikel
  6440 | D:7      | Killed Pikel
  6441 | D:7      | Reached skill level 8 in Crossbows
  6681 | D:7      | Reached ** piety under Makhleb
  6909 | D:7      | Reached skill level 5 in Invocations
  6930 | D:7      | Found a sacrificial altar of Ru.
  7329 | D:8      | Reached XP level 10. HP: 92/94 MP: 13/13
  8598 | D:9      | Reached *** piety under Makhleb
  8671 | D:9      | Reached skill level 9 in Crossbows
  9046 | D:9      | Found Veaps's Jewellery Shoppe.
  9278 | D:10     | Entered Level 10 of the Dungeon
  9278 | D:10     | Noticed a white ugly thing
  9294 | D:10     | HP: 4/92 [white ugly thing (6)]
  9294 | D:10     | Slain by a white ugly thing

Illustrated notes

Levels and vault maps discovered:
D:1:      heliophobic_arrival_henge, layout_basic, supply_closet_lemuel,
          minmay_octomino_e4
D:2:      layout_basic, uniq_terence
D:3:      layout_basic, saegor_snake_ambush, uniq_grinder, uniq_natasha
D:4:      layout_layer_cave, gammafunk_temple_overflow_claw,
          minmay_temple_entry_tees, ebering_ghost_inner_flame,
          uniq_blork_the_orc
D:5:      layout_rooms
D:6:      layout_loops_ring, minmay_crystal_room, uniq_duvessa
D:7:      minmay_inner_zag, layout_loops_ring, general_overflow_altar,
          uniq_pikel
D:8:      layout_basic, kennysheep_nub, lightli_minifort
D:9:      layout_roguey, minmay_shop_enchanted_jewellery, roderic_lattice_a
D:10:     layout_loops_ring, lair_entry_dummy, minmay_misc_feat_diagonals
Temple:   dpeg_five_rooms_temple

Skill      XL: |  1  2  3  4  5  6  7  8  9 10 |
---------------+-------------------------------+-----
Fighting       | 3 4 6 7 |  7.5
Axes           | 3 4 5 6 7 |  7.1
Armour         | 4 5 6 |  6.2
Shields        | 4 5 |  5.8
Crossbows      | 1 3 5 6 8 9 |  9.1
Dodging        | 1 2 |  2.3
Invocations    | 1 3 5 |  5.5
Stealth        | |  0.1
Evocations     | |  0.1

Action                   |  1- 3 |  4- 6 |  7- 9 | 10-12 || total
-------------------------+-------+-------+-------+-------++-------
Melee: War axe           |   124 |    54 |    81 |    24 ||   283
 Fire: Hand crossbow     |       |    62 |   276 |   120 ||   458
 Abil: Heal Wounds       |       |     1 |     1 |       ||     2
Evoke: Wand              |       |       |     1 |     2 ||     3
  Use: Potion            |       |     3 |     1 |       ||     4
       Scroll            |       |       |     6 |       ||     6
Armor: Scale mail        |    53 |       |       |       ||    53
       Plate armour      |    38 |    51 |    80 |    34 ||   203
Dodge: Dodged            |    50 |    17 |    30 |    16 ||   113
Block: Kite shield       |    84 |    42 |    89 |    54 ||   269

Table legend: (Time is in decaauts)
 A = Elapsed time spent in this place.
 B = Non-inter-level travel time spent in this place.
 C = Inter-level travel time spent in this place.
 D = Time resting spent in this place.
 E = Time spent auto-exploring this place.
 F = Levels seen in this place.
 G = Mean time per level.
                   A        B        C        D        E       F      G
               +--------+--------+--------+--------+--------+-----+--------+
         Total |   9582 |   9067 |    515 |    265 |   6972 |  11 |  871.1 |
       Dungeon |   9200 |   8834 |    366 |    265 |   6759 |  10 |  920.0 |
        Temple |    382 |    233 |    149 |      0 |    213 |   1 |  382.0 |
               +--------+--------+--------+--------+--------+-----+--------+

Top non-repeatable levels by time:
     D:6: 1687 daAuts
     D:4: 1359 daAuts
     D:8: 1069 daAuts
     D:7: 1027 daAuts
     D:9: 954 daAuts
     D:1: 949 daAuts
     D:3: 883 daAuts
     D:5: 630 daAuts
     D:2: 618 daAuts
  Temple: 382 daAuts
    D:10: 18 daAuts
